 Dungeon Crawl Stone Soup version 0.20.1-1-g8b1a95d (webtiles) character file.

13 digijack the Charmwright (level 2, 13/13 HPs)
             Began as a Felid Skald on Nov 26, 2017.
             Got out of the dungeon alive.
             The game lasted 00:04:06 (529 turns).

digijack the Charmwright (Felid Skald)               Turns: 529, Time: 00:04:06

Health: 13/13      AC:  1    Str:  7    XL:     2   Next: 24%
Magic:  6/6        EV: 19    Int: 14    God:
Gold:   19         SH:  0    Dex: 15    Spells: 2/5 levels left
                                        Lives:  0   Deaths: 0

rFire    . . .     SeeInvis +     - Unarmed
rCold    . . .     Gourm    .   (shield unavailable)
rNeg     . . .     Faith    .   (armour unavailable)
rPois    .         Spirit   .   (helmet unavailable)
rElec    .         Reflect  .   (cloak unavailable)
rCorr    .         Harm     .   (gloves unavailable)
MR       .....                  (boots unavailable)
Stlth    ++........             (no amulet)
Regen    0.1/turn               (no ring)
MPRegen  0.1/turn               (no ring)

@: quick
A: no armour, no weapons or thrown items, stealth, claws 1, fangs 3, see
invisible, carnivore 3, speed 1, shaggy fur 1, slow metabolism 1, sharp paws
a: no special abilities


You escaped.
You were completely stuffed.

You visited 1 branch of the dungeon, and saw 1 of its levels.

You collected 19 gold pieces.

Inventory:

Books
 a - a book of Battle

   Spells                             Type                      Level
   a - Infusion                       Charms                       1
   b - Shroud of Golubria             Charms/Translocation         2
   c - Song of Slaying                Charms                       2
   d - Spectral Weapon                Hexes/Charms                 3
   e - Regeneration                   Charms/Necromancy            3
Comestibles
 b - a meat ration


   Skills:
 - Level 2.0 Fighting
 + Level 3.7 Dodging
 + Level 0.4 Stealth
 + Level 2.0 Unarmed Combat
 + Level 2.0 Spellcasting
 + Level 4.1 Charms


You had 2 spell levels left.
You knew the following spells:

 Your Spells              Type           Power        Failure   Level  Hunger
a - Infusion              Chrm           ##..         4%          1    ##.....
b - Shroud of Golubria    Chrm/Tloc      #.........   16%         2    ###....


Dungeon Overview and Level Annotations

Branches:
Dungeon (1/15)

Altars:


Innate Abilities, Weirdness & Mutations

You cannot wear armour.
You are incapable of wielding weapons or throwing items.
Your paws allow you to move quietly. (Stealth)
You have sharp claws.
You have razor-sharp teeth.
You have supernaturally acute eyesight. (SInv)
You are carnivorous and can eat meat at any time.
You cover ground quickly.
You are covered in fur. (AC +1)
You have a slow metabolism.
Your sharp claws are effective at attacking unaware monsters.


Message History

The goblin moves out of view.
A giant cockroach comes into view.
A ball python comes into view.
You see here 5 gold pieces.
You now have 19 gold pieces (gained 5).
The ball python hisses angrily.
Unknown command.
You see here a scroll labeled DOIWO DAC JARPH.
The giant cockroach waves its antennae.
A rat and a goblin come into view.
The goblin shouts!
There is an open door here.
There is an open door here.
There is an open door here.
There is an open door here.
There is an open door here.
There is an open door here.
There is a staircase leading out of the dungeon here.
Are you sure you want to leave the Dungeon?
This will make you lose the game!
You have escaped!

#........#!># #...
#.......)#..##..#.
#........#S.......
#######........#.?..##..
#.....#........#s...>...
#.....#........#.####..#
#.....'...gs...#.# #....
#.....######'###.###.##†
#.....#@'.#..#.......###
####'####'#.g....#####
#...'..#......#
#...#..#...r#.#
#...####.......# #####
#..###..# ...# #$..
...## #... #.## ...


There were no monsters in sight!

Vanquished Creatures
  A giant cockroach (D:1)
  A goblin (D:1)
  A hobgoblin (D:1)
  3 jackals (D:1)
  4 kobolds (D:1)
  2 bats (D:1)
12 creatures vanquished.

Notes
Turn   | Place    | Note
-------+----------+-------------------------------------------
     0 | D:1      | digijack the Felid Skald began the quest for the Orb.
     0 | D:1      | Reached XP level 1. HP: 9/9 MP: 4/4
    53 | D:1      | Reached skill level 4 in Charms
   185 | D:1      | Reached XP level 2. HP: 13/13 MP: 0/6
   239 | D:1      | Learned a level 2 spell: Shroud of Golubria
   529 | D:$      | Got out of the dungeon alive.

Skill      XL: |  1 |
---------------+----+-----
Charms         | 4 |  4.1
Fighting       | |  2.0
Dodging        | |  3.7
Stealth        | |  0.4
Unarmed Combat | |  2.0
Spellcasting   | |  2.0

Action                   || total
-------------------------++-------
Melee: Unarmed           ||    33
       Bite              ||     2
 Cast: Infusion          ||     5
  Use: Potion            ||     2
       Scroll            ||     1
  Eat: Chunk             ||     7
Armor: Skin              ||     2
Dodge: Dodged            ||    31
